 Dungeon Crawl Stone Soup version 0.23.1 (webtiles) character file.

Game seed: 0

1663 MisterOstroum the Fighter (level 9, -3/100 HPs)
             Began as an Ogre Berserker on Mar 13, 2019.
             Was a Believer of Trog.
             Slain by a warg (10 damage)
             ... on level 8 of the Dungeon.
             The game lasted 00:36:28 (5517 turns).

MisterOstroum the Fighter (Ogre Berserker)          Turns: 5517, Time: 00:36:31

Health: -3/100     AC:  5    Str: 26    XL:     9   Next: 1%
Magic:  9/9        EV: 10    Int:  8    God:    Trog [**....]
Gold:   140        SH:  0    Dex:  8    Spells: 8/8 levels left

rFire    + + .     SeeInvis .   l - +2 spear (vamp)
rCold    + . .     Gourm    .   (no shield)
rNeg     . . .     Faith    .   b - +0 animal skin
rPois    .         Spirit   .   (helmet restricted)
rElec    .         Reflect  .   i - scarf {rC+ rF+}
rCorr    .         Harm     +   (gloves unavailable)
MR       +++..                  (boots unavailable)
Stlth    +.........             y - amulet of harm
HPRegen  1.26/turn              (no ring)
MPRegen  0.11/turn              (no ring)

@: berserk cooldown, regenerating, hasted, very quick
A: large, unfitting armour, yellow scales 1, fire resistance 1, magic resistance
1, tough skin 1
a: Berserk, Trog's Hand, Renounce Religion


You were on level 8 of the Dungeon.
You worshipped Trog.
Trog was pleased with you.
You were not hungry.

You visited 1 branch of the dungeon, and saw 7 of its levels.
You also visited: Sewer.

You collected 140 gold pieces.

Inventory:

Hand Weapons
 a - a +0 hand axe
 e - a +2 dagger of speed
 l - a +2 vampiric spear (weapon)
 B - a +0 blowgun
Missiles
 r - 7 tomahawks (quivered)
 s - 45 sling bullets
 w - 37 stones
 C - 23 poisoned needles
Armour
 b - a +0 animal skin (worn)
 i - a scarf of resistance (worn)
Jewellery
 y - an amulet of harm (around neck)
Scrolls
 j - 2 scrolls of blinking {unknown}
 k - 3 scrolls of immolation {unknown}
 m - a scroll of random uselessness {unknown}
 o - a scroll of amnesia {unknown}
 p - 5 scrolls of remove curse {unknown}
 q - 4 scrolls of identify
 v - 6 scrolls of teleportation {unknown}
 A - 2 scrolls of fear {unknown}
Potions
 d - 2 potions of berserk rage {unknown}
 f - a potion of agility {unknown}
 h - 4 potions of curing
 n - 2 potions of might
 t - a potion of magic
Comestibles
 c - 9 rations


   Skills:
 + Level 9.5 Fighting
 - Level 8.3(8.7) Axes
 * Level 4.1(6.7) Polearms
 - Level 2.9 Dodging


You had 8 spell levels left.
You didn't know any spells.
Your spell library contained the following spells:

 Spells                   Type           Power        Failure   Level  Hunger
 Passwall                 Tmut/Erth      #.......     54%         2    ###....
 Swiftness                Chrm/Air       #.......     54%         2    ###....
 Passage of Golubria      Tloc           N/A          99%         4    #####..
 Lee's Rapid Deconstruct  Erth           #.........   100%        5    ######.
 Darkness                 Hex            #.........   100%        6    #######
 Invisibility             Hex            #.......     100%        6    #######


Dungeon Overview and Level Annotations

Branches:
Dungeon (8/15)             Temple (0/1) D:5
   Lair: D:8-11

Altars:
Ashenzari
Elyvilon
Gozag
Kikubaaqudgha
Nemelex Xobeh
Ru
Trog
Vehumet

Shops:
D:4 }

Annotations:
D:4 1 runed translucent door, lextramoth's ghost, amateur DsGl
D:8 Maurice; Pikel


Innate Abilities, Weirdness & Mutations

You are too large for most types of armour.
You have tough skin. (AC +1)
You are partially covered in yellow scales. (AC +2)
Your flesh is heat resistant. (rF+)
You are resistant to hostile enchantments. (MR+)


Message History

The orc wizard blinks!
The warg barely misses you.
The orc wizard gestures wildly while chanting.
The orc wizard blinks!
The orc priest casts a cantrip, but nothing happens.
You feel better. The warg bites you.
* * * LOW HITPOINT WARNING * * *
The slave hits you.
* * * LOW HITPOINT WARNING * * *
The orc priest looks braver for a moment.
The warg bites you!
* * * LOW HITPOINT WARNING * * *
The warg closely misses you.
Your skin crawls.
You feel resistant to hostile enchantments.
You feel somewhat more hungry.
You feel yourself speed up.
The orc wizard casts a spell.
The orc wizard blinks!
The warg bites you!
You die...

#.##(#.......#.#
#.##)#.#####.#.#
###########'#((#.# #.#.#
#............#.#.# #.#.#
#................#####.#.#
#............#.........#.#
#............###########.#
#............##..........#
#........@...##.##########
#...o..ph....##.#
####..p§#######.# #..p.# #.#
#....# #.# #....#
#####.######### #K...#
#.............#
###########....###.............#
.....o.p.......'.+....>........#


You could see Pikel, a warg, 3 slaves and an orc wizard.

Vanquished Creatures
  A hornet (D:8)
  A warg (D:8)
  An ice beast (D:8)
  3 centaurs
  5 big kobolds (Sewer)
  2 scorpions
  A crimson imp (D:5)
  2 hounds (D:4)
  3 orc priests
  A bullfrog skeleton (D:4)
  A gnoll shaman (D:6)
  A centaur skeleton (D:4)
  A worker ant zombie (D:5)
  8 adders
  9 gnolls
  A river rat (Sewer)
  An ooze (Sewer)
  4 worms
  2 dart slugs
  3 leopard geckos
  14 orcs
  3 bats
  5 giant cockroaches
  10 hobgoblins
  10 jackals
  3 quokkas
  6 ball pythons (Sewer)
  6 frilled lizards
  8 goblins
  A jackal zombie (D:8)
  9 kobolds
  10 rats
  A plant (D:5)
137 creatures vanquished.

Notes
Turn   | Place    | Note
-------+----------+-------------------------------------------
     0 | D:1      | MisterOstroum the Ogre Berserker began the quest for the
                  | Orb.
     0 | D:1      | Reached XP level 1. HP: 24/24 MP: 1/1
    84 | D:1      | Reached XP level 2. HP: 25/32 MP: 2/2
   212 | D:2      | Found a bloodstained altar of Trog.
   213 | D:2      | Found an opulent altar of Gozag.
   225 | D:2      | Found a radiant altar of Vehumet.
   300 | D:2      | Reached XP level 3. HP: 40/40 MP: 3/3
   734 | D:2      | Reached XP level 4. HP: 49/49 MP: 4/4
   762 | D:2      | Reached skill level 5 in Fighting
  1045 | D:2      | Reached ** piety under Trog
  1547 | D:3      | Found a white marble altar of Elyvilon.
  1547 | D:3      | Found an ancient bone altar of Kikubaaqudgha.
  1548 | D:3      | Found a shattered altar of Ashenzari.
  1677 | D:3      | Reached XP level 5. HP: 57/57 MP: 5/5
  1988 | D:4      | Reached skill level 5 in Axes
  2087 | D:4      | Found Toeduq's Gadget Shoppe.
  2215 | D:4      | Reached XP level 6. HP: 25/67 MP: 6/6
  2417 | D:4      | Found a glowing drain.
  2435 | Sewer    | Entered a sewer
  2642 | Sewer    | Reached skill level 6 in Fighting
  2847 | Sewer    | Reached XP level 7. HP: 76/76 MP: 7/7
  2887 | Sewer    | Gained mutation: You are resistant to hostile enchantments.
                  | (MR+) [potion of mutation]
  2887 | Sewer    | Gained mutation: Your flesh is heat resistant. (rF+)
                  | [potion of mutation]
  2887 | Sewer    | Gained mutation: You are partially covered in yellow
                  | scales. (AC +2) [potion of mutation]
  2917 | Sewer    | Reached skill level 7 in Fighting
  3021 | D:4      | Noticed lextramoth's ghost (amateur DsGl)
  3030 | D:4      | Found a runed translucent door.
  3095 | D:4      | Found a sacrificial altar of Ru.
  3555 | D:5      | Entered Level 5 of the Dungeon
  3838 | D:5      | Found a sparkling altar of Nemelex Xobeh.
  3900 | D:6      | Reached XP level 8. HP: 30/88 MP: 8/8
  4462 | D:5      | Reached skill level 8 in Fighting
  4968 | D:5      | Found a staircase to the Ecumenical Temple.
  5181 | D:5      | You fall through a shaft for 3 floors!
  5255 | D:8      | Reached skill level 1 in Polearms
  5401 | D:8      | Noticed a hornet
  5409 | D:8      | Paralysed by a hornet for 2 turns
  5416 | D:8      | Killed a hornet
  5416 | D:8      | Reached skill level 9 in Fighting
  5494 | D:8      | Noticed Pikel
  5494 | D:8      | Noticed Maurice
  5495 | D:8      | Reached XP level 9. HP: 99/100 MP: 9/9
  5512 | D:8      | HP: 4/100 [warg (10)]
  5517 | D:8      | Slain by a warg

Skill      XL: |  1  2  3  4  5  6  7  8 |
---------------+-------------------------+-----
Axes           | 4 5 6 7 8 |  8.3
Fighting       | 5 6 7 9 |  9.5
Polearms       | 4 |  4.1
Dodging        | |  2.9

Action                   |  1- 3 |  4- 6 |  7- 9 || total
-------------------------+-------+-------+-------++-------
Melee: Hand axe          |   105 |   189 |   199 ||   493
       Spear             |       |       |    39 ||    39
Throw: Stone             |       |       |     3 ||     3
       Tomahawk          |       |       |     4 ||     4
Invok: Berserk           |     2 |     7 |     9 ||    18
       Trog's Hand       |       |     5 |     8 ||    13
  Use: Potion            |       |       |    10 ||    10
       Scroll            |       |       |     4 ||     4
 Stab: Sleeping          |       |     1 |       ||     1
  Eat: Chunk             |     1 |    15 |    15 ||    31
       Ration            |       |       |     3 ||     3
Armor: Animal skin       |    49 |    39 |    61 ||   149
Dodge: Dodged            |    69 |    84 |   131 ||   284
